NCAA
XAVIER MUSKETEERS @ SETON HALL PIRATES
04/10/2028
 
TOP OF THE 1ST
Xavier Musketeers batting - Pitching for Seton Hall Pirates : RHP Nacho Mejía
Pitching: RHP Nacho Mejía
Batting: RHB Weldon Samuels 0-0: Called Strike
0-1: Swinging Strike
0-2: Ground out 5-3 (Groundball, 5S)
Batting: RHB Florentino López 0-0: Ball
1-0: Called Strike
1-1: Fly out, F6 (Popup, 6)
Batting: LHB Freddy Torres 0-0: Ball
1-0: Ball
2-0: Ground out 4-3 (Groundball, 4)
Top of the 1st over - 0 run(s), 0 hit(s), 0 error(s), 0 left on base; Xavier 0 - Seton Hall 0
BOTTOM OF THE 1ST
Seton Hall Pirates batting - Pitching for Xavier Musketeers : RHP Brit Mays
Pitching: RHP Brit Mays
Batting: LHB Jerry Benjamin 0-0: Called Strike
0-1: SOLO HOME RUN (Flyball, 7D), Distance : 369 ft
Batting: LHB Travis Jefferson 0-0: Ball
1-0: Called Strike
1-1: Ball
2-1: Fly out, F9 (Flyball, 9)
Batting: SHB Carlton Moreno 0-0: Swinging Strike
0-1: Foul Ball, location: 2F
0-2: Ball
1-2: Reached on error, E7 (Line Drive, 78M)
Batting: RHB Charles Branigan 0-0: Ball
1-0: Ball
2-0: Ball
3-0: Base on Balls
Batting: SHB David Bennett 0-0: Ball
1-0: Ball
2-0: Foul Ball, location: 2F
2-1: Ball
3-1: Foul Ball, location: 2F
3-2: Ground out 4-3 (Groundball, 4M)
Carlton Moreno to third
Charles Branigan to second
Batting: RHB Mark Morris 0-0: Foul Ball, location: 2F
0-1: Foul Ball, location: 2F
0-2: Ball
1-2: Ball
2-2: Ball
3-2: Foul Ball, location: 2F
3-2: Foul Ball, location: 2F
3-2: Foul Ball, location: 2F
3-2: Base on Balls
Batting: LHB Joe Rutherford 0-0: Called Strike
0-1: Ball
1-1: Called Strike
1-2: Fly out, F7 (Flyball, 7LM)
Bottom of the 1st over - 1 run(s), 1 hit(s), 1 error(s), 3 left on base; Xavier 0 - Seton Hall 1
TOP OF THE 2ND
Xavier Musketeers batting - Pitching for Seton Hall Pirates : RHP Nacho Mejía
Batting: LHB Luis Martínez 0-0: Ball
1-0: Called Strike
1-1: Ball
2-1: Ball
3-1: SINGLE (Line Drive, 7S)
Batting: RHB Jeff Lawrence 0-0: Ball
1-0: Called Strike
1-1: Ball
2-1: Called Strike
2-2: Ball
3-2: Base on Balls
Luis Martínez to second
Batting: LHB Pancho Robles 0-0: Ball
1-0: Called Strike
1-1: Swinging Strike
Passed Ball!
Luis Martínez to third
Jeff Lawrence to second
1-2: Ball
2-2: Foul Ball, location: 2F
2-2: Fly out, F7 (Line Drive, 7)
Runner from 3rd tags up, SCORES, throw made
Batting: RHB Les Rupp 0-0: Ball
Wild Pitch!
Jeff Lawrence to third
1-0: Foul Ball, location: 2F
1-1: Ball
2-1: Called Strike
2-2: Foul Ball, location: 2F
2-2: Strikes out swinging
Batting: LHB Bobby Meegan 0-0: Called Strike
0-1: Ball
1-1: Called Strike
1-2: Strikes out swinging
Top of the 2nd over - 1 run(s), 1 hit(s), 0 error(s), 1 left on base; Xavier 1 - Seton Hall 1
BOTTOM OF THE 2ND
Seton Hall Pirates batting - Pitching for Xavier Musketeers : RHP Brit Mays
Batting: LHB Michael Graham 0-0: Called Strike
0-1: Ball
1-1: Foul Ball, location: 2F
1-2: Ball
2-2: SINGLE (Groundball, 4MD)
Batting: RHB José Aponte 0-0: Ball
1-0: Ball
2-0: Called Strike
2-1: Ball
3-1: Ground out 5-3 (Groundball, 56S)
Michael Graham to second
Batting: LHB Jerry Benjamin 0-0: Called Strike
0-1: Swinging Strike
0-2: Strikes out swinging
Batting: LHB Travis Jefferson 0-0: Ball
1-0: Ball
2-0: Foul Ball, location: 2F
2-1: Ball
3-1: Base on Balls
Batting: SHB Carlton Moreno 0-0: Ball
1-0: Ball
2-0: Ball
3-0: Called Strike
3-1: Swinging Strike
3-2: Fly out, F8 (Line Drive, 8LM)
Bottom of the 2nd over - 0 run(s), 1 hit(s), 0 error(s), 2 left on base; Xavier 1 - Seton Hall 1
TOP OF THE 3RD
Xavier Musketeers batting - Pitching for Seton Hall Pirates : RHP Nacho Mejía
Batting: RHB Bobby Doyle 0-0: Called Strike
0-1: Ball
1-1: Fly out, F2 (Popup, 25)
Batting: RHB Weldon Samuels 0-0: Fly out, F9 (Flyball, 9LS)
Batting: RHB Florentino López 0-0: Ball
1-0: Ball
2-0: Foul Ball, location: 2F
2-1: Called Strike
2-2: Fly out, F3 (Line Drive, 34)
Top of the 3rd over - 0 run(s), 0 hit(s), 0 error(s), 0 left on base; Xavier 1 - Seton Hall 1
BOTTOM OF THE 3RD
Seton Hall Pirates batting - Pitching for Xavier Musketeers : RHP Brit Mays
Batting: RHB Charles Branigan 0-0: Foul Ball, location: 2F
0-1: Swinging Strike
0-2: Ball
1-2: Foul Ball, location: 2F
1-2: Strikes out swinging
Batting: SHB David Bennett 0-0: Ball
1-0: Ball
2-0: Fly out, F3 (Popup, 3L)
Batting: RHB Mark Morris 0-0: Ball
1-0: Ball
2-0: Called Strike
2-1: Ball
3-1: Base on Balls
Batting: LHB Joe Rutherford 0-0: Ball
1-0: Ball
2-0: Ball
3-0: Called Strike
3-1: Foul Ball, location: 2F
3-2: Ground out 6-3 (Groundball, 6)
Bottom of the 3rd over - 0 run(s), 0 hit(s), 0 error(s), 1 left on base; Xavier 1 - Seton Hall 1
TOP OF THE 4TH
Xavier Musketeers batting - Pitching for Seton Hall Pirates : RHP Nacho Mejía
Batting: LHB Freddy Torres 0-0: Ball
1-0: SOLO HOME RUN (Flyball, 9D), Distance : 351 ft
Batting: LHB Luis Martínez 0-0: Ball
1-0: Ball
2-0: Ball
3-0: Base on Balls
Batting: RHB Jeff Lawrence 0-0: SINGLE (Flyball, 8RS)
Luis Martínez to second
Batting: LHB Pancho Robles 0-0: Swinging Strike
0-1: Ball
1-1: Swinging Strike
1-2: Fielders Choice at 2nd, 3-6 (Groundball, 34)
Luis Martínez to third
Batting: RHB Les Rupp 0-0: SINGLE (Flyball, 9LS)
Luis Martínez scores
Pancho Robles to second
Throwing error, E9
Pancho Robles scores
Les Rupp to second
Batting: LHB Bobby Meegan 0-0: Ball
1-0: Ball
2-0: Called Strike
2-1: Ball
3-1: Base on Balls
Batting: RHB Bobby Doyle 0-0: Ball
1-0: Ball
2-0: Called Strike
2-1: Grounds into double play, 6-4-3 (Groundball, 6M)
Top of the 4th over - 3 run(s), 3 hit(s), 1 error(s), 1 left on base; Xavier 4 - Seton Hall 1
BOTTOM OF THE 4TH
Seton Hall Pirates batting - Pitching for Xavier Musketeers : RHP Brit Mays
Batting: LHB Michael Graham 0-0: Ball
1-0: Ball
2-0: Ball
3-0: Called Strike
3-1: Base on Balls
Pitching: RHP Leonard Henderson
Batting: RHB José Aponte 0-0: Ball
1-0: Ball
2-0: Foul Ball, location: 2F
2-1: Grounds into double play, 6-4-3 (Groundball, 6)
Batting: LHB Jerry Benjamin 0-0: Fly out, F8 (Flyball, 8LS)
Bottom of the 4th over - 0 run(s), 0 hit(s), 0 error(s), 0 left on base; Xavier 4 - Seton Hall 1
TOP OF THE 5TH
Xavier Musketeers batting - Pitching for Seton Hall Pirates : RHP Nacho Mejía
Batting: RHB Weldon Samuels 0-0: Ball
1-0: Ball
2-0: Ground out 6-3 (Groundball, 6)
Batting: RHB Florentino López 0-0: Foul Ball, location: 2F
0-1: Hit by Pitch
Batting: LHB Freddy Torres 0-0: Called Strike
0-1: Ball
1-1: Ball
2-1: Ball
3-1: 2-RUN HOME RUN (Flyball, 7D), Distance : 349 ft
Pitching: RHP Matt Hernández
Batting: LHB Luis Martínez 0-0: Ball
1-0: Ground out 4-3 (Groundball, 34)
Batting: RHB Jeff Lawrence 0-0: Foul Ball, location: 2F
0-1: Ball
1-1: Foul Ball, location: 2F
1-2: Ball
2-2: Ball
3-2: Base on Balls
Batting: LHB Pancho Robles 0-0: Foul Ball, location: 2F
0-1: Ball
1-1: Ball
2-1: Foul Ball, location: 2F
2-2: 2-RUN HOME RUN (Flyball, 89XD), Distance : 380 ft
Batting: RHB Les Rupp 0-0: Swinging Strike
0-1: Fly out, F9 (Flyball, 9LMF)
Top of the 5th over - 4 run(s), 2 hit(s), 0 error(s), 0 left on base; Xavier 8 - Seton Hall 1
BOTTOM OF THE 5TH
Seton Hall Pirates batting - Pitching for Xavier Musketeers : RHP Leonard Henderson
Batting: LHB Travis Jefferson 0-0: Called Strike
0-1: Foul Ball, location: 2F
0-2: Foul Ball, location: 2F
0-2: Ball
1-2: Foul Ball, location: 2F
1-2: Ground out 4-3 (Groundball, 4)
Batting: SHB Carlton Moreno 0-0: Called Strike
0-1: Ball
1-1: Ball
2-1: Ball
3-1: Foul Ball, location: 2F
3-2: Fly out, F5 (Line Drive, 56S)
Batting: RHB Charles Branigan 0-0: Ball
1-0: Foul Ball, location: 2F
1-1: Swinging Strike
1-2: Ground out 4-3 (Groundball, 4)
Bottom of the 5th over - 0 run(s), 0 hit(s), 0 error(s), 0 left on base; Xavier 8 - Seton Hall 1
TOP OF THE 6TH
Xavier Musketeers batting - Pitching for Seton Hall Pirates : RHP Matt Hernández
Batting: LHB Bobby Meegan 0-0: Called Strike
0-1: Ball
1-1: Fly out, F8 (Flyball, 8RM)
Batting: RHB Bobby Doyle 0-0: Called Strike
0-1: SINGLE (Line Drive, 8LS)
Batting: RHB Weldon Samuels 0-0: Ball
1-0: Called Strike
1-1: Foul Ball, location: 2F
1-2: Ball
2-2: Ball
3-2: SINGLE (Flyball, 8LS)
Bobby Doyle to second
Bobby Doyle to third
Batting: RHB Florentino López 0-0: Ball
1-0: Swinging Strike
1-1: Ball
2-1: Ball
3-1: Swinging Strike
3-2: Base on Balls
Weldon Samuels to second
Batting: LHB Freddy Torres 0-0: Called Strike
0-1: Ball
1-1: Ball
2-1: Ball
3-1: Swinging Strike
3-2: Base on Balls
Bobby Doyle scores
Weldon Samuels to third
Florentino López to second
Pitching: RHP Thomas Bowers
Batting: LHB Luis Martínez 0-0: Fly out, F9 (Flyball, 89S)
Runner from 3rd tags up, SCORES, no throw
Batting: RHB Jeff Lawrence 0-0: Called Strike
0-1: Ball
1-1: 3-RUN HOME RUN (Flyball, 78XD), Distance : 367 ft
Batting: LHB Pancho Robles 0-0: Foul Ball, location: 2F
0-1: Ball
1-1: Fly out, F6 (Popup, 6MD)
Top of the 6th over - 5 run(s), 3 hit(s), 0 error(s), 0 left on base; Xavier 13 - Seton Hall 1
BOTTOM OF THE 6TH
Seton Hall Pirates batting - Pitching for Xavier Musketeers : RHP Leonard Henderson
Batting: SHB David Bennett 0-0: Fly out, F9 (Flyball, 9S)
Batting: RHB Mark Morris 0-0: Ball
1-0: Swinging Strike
1-1: Fly out, F6 (Popup, 6MD)
Batting: LHB Joe Rutherford 0-0: Foul Ball, location: 2F
0-1: DOUBLE (Line Drive, 9D)
Batting: LHB Michael Graham 0-0: Ball
1-0: Called Strike
1-1: Ball
2-1: Ball
Wild Pitch!
Joe Rutherford to third
3-1: Called Strike
3-2: Base on Balls
Batting: RHB José Aponte 0-0: Ball
1-0: Ball
2-0: Ball
3-0: Called Strike
3-1: Ground out 1-3 (Groundball, 15S)
Bottom of the 6th over - 0 run(s), 1 hit(s), 0 error(s), 2 left on base; Xavier 13 - Seton Hall 1
TOP OF THE 7TH
Xavier Musketeers batting - Pitching for Seton Hall Pirates : RHP Thomas Bowers
Batting: RHB Les Rupp 0-0: Called Strike
0-1: Ball
1-1: Ball
2-1: Swinging Strike
2-2: Foul Ball, location: 2F
2-2: Strikes out looking
Batting: LHB Bobby Meegan 0-0: Called Strike
0-1: SINGLE (Line Drive, 4MD)
Batting: RHB Bobby Doyle 0-0: Called Strike
0-1: Swinging Strike
0-2: Ball
1-2: Strikes out swinging
Batting: RHB Weldon Samuels 0-0: Called Strike
0-1: Swinging Strike
0-2: Ball
1-2: Strikes out swinging
Top of the 7th over - 0 run(s), 1 hit(s), 0 error(s), 1 left on base; Xavier 13 - Seton Hall 1
BOTTOM OF THE 7TH
Seton Hall Pirates batting - Pitching for Xavier Musketeers : RHP Leonard Henderson
Batting: LHB Jerry Benjamin 0-0: Ground out 6-3 (Groundball, 6M)
Batting: LHB Travis Jefferson 0-0: Called Strike
0-1: Ball
1-1: Ball
2-1: Foul Ball, location: 2F
2-2: Fly out, F8 (Flyball, 8RS)
Batting: SHB Carlton Moreno 0-0: Ball
1-0: Called Strike
1-1: Swinging Strike
1-2: Ball
2-2: Strikes out swinging
Bottom of the 7th over - 0 run(s), 0 hit(s), 0 error(s), 0 left on base; Xavier 13 - Seton Hall 1
TOP OF THE 8TH
Xavier Musketeers batting - Pitching for Seton Hall Pirates : RHP Thomas Bowers
Batting: RHB Florentino López 0-0: Fly out, F4 (Line Drive, 4)
Batting: LHB Freddy Torres 0-0: Swinging Strike
0-1: SINGLE (Groundball, 56D)
Batting: LHB Luis Martínez 0-0: Ball
1-0: Foul Ball, location: 2F
1-1: Swinging Strike
1-2: SINGLE (Line Drive, 78S)
Freddy Torres to second
Batting: RHB Jeff Lawrence 0-0: Foul Ball, location: 2F
0-1: Ball
1-1: Called Strike
1-2: Fly out, F9 (Flyball, 9S)
Batting: LHB Pancho Robles 0-0: Ball
1-0: Foul Ball, location: 2F
1-1: Foul Ball, location: 2F
1-2: Strikes out swinging
Top of the 8th over - 0 run(s), 2 hit(s), 0 error(s), 2 left on base; Xavier 13 - Seton Hall 1
BOTTOM OF THE 8TH
Seton Hall Pirates batting - Pitching for Xavier Musketeers : RHP Leonard Henderson
Batting: RHB Charles Branigan 0-0: Ball
1-0: Fly out, F4 (Popup, 4)
Batting: SHB David Bennett 0-0: Fly out, F8 (Flyball, 8LD)
Batting: RHB Mark Morris 0-0: Called Strike
0-1: Ball
1-1: Ball
2-1: Fly out, F8 (Flyball, 8LM)
Bottom of the 8th over - 0 run(s), 0 hit(s), 0 error(s), 0 left on base; Xavier 13 - Seton Hall 1
TOP OF THE 9TH
Xavier Musketeers batting - Pitching for Seton Hall Pirates : RHP Thomas Bowers
Batting: RHB Les Rupp 0-0: Ball
1-0: SINGLE (Groundball, 3D)
Batting: LHB Bobby Meegan 0-0: Called Strike
0-1: Called Strike
0-2: Ball
1-2: Fly out, F7 (Flyball, 78S)
Batting: RHB Bobby Doyle 0-0: Called Strike
0-1: Fielders Choice at 2nd, 6-4 (Groundball, 6)
Batting: RHB Weldon Samuels 0-0: Called Strike
0-1: Ball
1-1: Called Strike
1-2: Foul Ball, location: 2F
1-2: Ground out 6-3 (Groundball, 6M)
Top of the 9th over - 0 run(s), 1 hit(s), 0 error(s), 1 left on base; Xavier 13 - Seton Hall 1
BOTTOM OF THE 9TH
Seton Hall Pirates batting - Pitching for Xavier Musketeers : RHP Leonard Henderson
Pitching: RHP Bob Taylor
Batting: LHB Joe Rutherford 0-0: Ball
1-0: Ball
2-0: Ball
3-0: Base on Balls
Batting: LHB Michael Graham 0-0: Ball
1-0: Swinging Strike
1-1: Foul Ball, location: 2F
1-2: Strikes out swinging
Batting: RHB José Aponte 0-0: Ball
1-0: Fly out, F9 (Flyball, 9S)
Batting: LHB Jerry Benjamin 0-0: Ball
1-0: Called Strike
1-1: Called Strike
1-2: Strikes out swinging
Bottom of the 9th over - 0 run(s), 0 hit(s), 0 error(s), 1 left on base; Xavier 13 - Seton Hall 1
Tuesday, August 8th, 2017 - OOTP Baseball 17.12 Build 75